BLB
SEATTLE PILOTS @ LOS ANGELES DINOS
03/16/2060
 
TOP OF THE 1ST
Seattle Pilots batting - Pitching for Los Angeles Dinos : RHP Evan Browning
Pitching: RHP Evan Browning
Batting: RHB Douglas Morrison 0-0: Called Strike
0-1: Ball
1-1: Swinging Strike
1-2: Strikes out swinging
Batting: LHB Joseph Brandon 0-0: Foul Ball, location: 2F
0-1: Ball
1-1: Ball
2-1: Foul Ball, location: 2F
2-2: Strikes out swinging
Batting: LHB Cade McCormick 0-0: Swinging Strike
0-1: Foul Ball, location: 2F
0-2: Foul Ball, location: 2F
0-2: Foul Ball, location: 2F
0-2: Ball
1-2: Ball
2-2: Strikes out swinging
Top of the 1st over - 0 runs, 0 hits, 0 errors, 0 left on base; Seattle 0 - Los Angeles 0
BOTTOM OF THE 1ST
Los Angeles Dinos batting - Pitching for Seattle Pilots : LHP Joel Greer
Pitching: LHP Joel Greer
Batting: LHB Johnathan Baird 0-0: Ball
1-0: Ball
2-0: Ball
3-0: Called Strike
3-1: Foul Ball, location: 2F
3-2: SINGLE (Groundball, 34S, EV 70.6 MPH) (infield hit)
Batting: RHB Rob Detling 0-0: Swinging Strike
0-1: Ball
Johnathan Baird is caught stealing 2nd base 2-4
1-1: SOLO HOME RUN (Flyball, 9D, EV 95.6 MPH), Distance : 387 ft
Batting: LHB Tris Chikumbu 0-0: Ball
1-0: Ball
2-0: Foul Ball, location: 2F
2-1: Swinging Strike
2-2: Strikes out swinging
Batting: RHB Andy Dillon 0-0: Ball
1-0: Swinging Strike
1-1: Ball
2-1: Ground out 4-3 (Groundball, 4, EV 85.6 MPH)
Bottom of the 1st over - 1 run, 2 hits, 0 errors, 0 left on base; Seattle 0 - Los Angeles 1
TOP OF THE 2ND
Seattle Pilots batting - Pitching for Los Angeles Dinos : RHP Evan Browning
Batting: LHB Ryan Carr 0-0: Ball
1-0: Ball
2-0: Called Strike
2-1: Ball
3-1: SOLO HOME RUN (Flyball, 9D, EV 107.5 MPH), Distance : 407 ft
Batting: RHB Beau Pruett 0-0: Ball
1-0: Foul Ball, location: 2F
1-1: SINGLE (Flyball, 78S, EV 90.6 MPH)
Batting: LHB Damien Sidamon 0-0: Called Strike
Beau Pruett steals 2nd base
0-1: Ball
1-1: Called Strike
1-2: Ball
2-2: Ball
3-2: SINGLE (Line Drive, 8LS, EV 88.1 MPH)
Beau Pruett to third
Batting: RHB Trevor Master 0-0: Ball
1-0: Called Strike
1-1: Foul Ball, location: 2F
1-2: Ball
2-2: Fly out, F8 (Flyball, 8RXD, EV 98.1 MPH)
Runner from 3rd tags up, SCORES, no throw by CF
Batting: RHB Kynan Shaw 0-0: Ball
1-0: Ball
2-0: Fly out, F8 (Line Drive, 8LS, EV 101.2 MPH)
Batting: RHB Erick Hartman 0-0: Foul Ball, location: 2F
0-1: Ball
1-1: Ball
2-1: Swinging Strike
2-2: TRIPLE (Flyball, 89XD, EV 108.8 MPH)
Damien Sidamon scores
Batting: RHB Douglas Morrison 0-0: Ball
1-0: DOUBLE (Flyball, 8RXD, EV 105.6 MPH)
Erick Hartman scores
Batting: LHB Joseph Brandon 0-0: Foul Ball, location: 2F
0-1: Ball
1-1: Ground out 6-3 (Groundball, 6, EV 86.9 MPH)
Top of the 2nd over - 4 runs, 5 hits, 0 errors, 1 left on base; Seattle 4 - Los Angeles 1
BOTTOM OF THE 2ND
Los Angeles Dinos batting - Pitching for Seattle Pilots : LHP Joel Greer
Batting: RHB Wyatt Steinauer 0-0: Called Strike
0-1: SINGLE (Line Drive, 8LS, EV 101.9 MPH)
Batting: RHB Cody Turner 0-0: Called Strike
0-1: Ball
1-1: Ball
2-1: Called Strike
2-2: Ball
3-2: Foul Ball, location: 2F
3-2: Base on Balls
Wyatt Steinauer to second
Batting: RHB Jahmel Ortiz 0-0: Called Strike
0-1: Ball
1-1: Ball
2-1: Foul Ball, location: 2F
2-2: Ball
3-2: Strikes out swinging
Batting: RHB Corby Maish 0-0: Ball
1-0: Swinging Strike
1-1: Foul Ball, location: 2F
1-2: Strikes out swinging
Batting: RHB Vance Thompson 0-0: Ball
1-0: Called Strike
1-1: Ball
2-1: Swinging Strike
2-2: Ball
3-2: Base on Balls
Wyatt Steinauer to third
Cody Turner to second
Batting: LHB Johnathan Baird 0-0: Ball
1-0: Called Strike
1-1: Foul Ball, location: 2F
1-2: Hit by Pitch
Wyatt Steinauer scores
Cody Turner to third
Vance Thompson to second
Batting: RHB Rob Detling 0-0: Called Strike
0-1: Ball
1-1: Ball
2-1: Ball
3-1: Ground out 5-3 (Groundball, 5S, EV 70.0 MPH)
Bottom of the 2nd over - 1 run, 1 hit, 0 errors, 3 left on base; Seattle 4 - Los Angeles 2
TOP OF THE 3RD
Seattle Pilots batting - Pitching for Los Angeles Dinos : RHP Evan Browning
Batting: LHB Cade McCormick 0-0: Called Strike
0-1: Foul Ball, location: 2F
0-2: Ball
1-2: Strikes out swinging
Batting: LHB Ryan Carr 0-0: Ball
1-0: Ball
2-0: Ball
3-0: Called Strike
3-1: Called Strike
3-2: Foul Ball, location: 2F
3-2: Strikes out swinging
Batting: RHB Beau Pruett 0-0: Fly out, F8 (Line Drive, 78M, EV 94.4 MPH)
Top of the 3rd over - 0 runs, 0 hits, 0 errors, 0 left on base; Seattle 4 - Los Angeles 2
BOTTOM OF THE 3RD
Los Angeles Dinos batting - Pitching for Seattle Pilots : LHP Joel Greer
Batting: LHB Tris Chikumbu 0-0: Ball
1-0: Ball
2-0: Foul Ball, location: 2F
2-1: Foul Ball, location: 2F
2-2: Ball
3-2: SINGLE (Flyball, 56D, EV 86.2 MPH)
Batting: RHB Andy Dillon 0-0: Swinging Strike
0-1: Ball
1-1: Swinging Strike
1-2: Strikes out swinging
Batting: RHB Wyatt Steinauer 0-0: Foul Ball, location: 2F
0-1: Ball
1-1: Ball
2-1: Foul Ball, location: 2F
2-2: Foul Ball, location: 2F
2-2: Strikes out looking
Pitching: LHP Daniel Travis
Batting: RHB Cody Turner 0-0: Foul Ball, location: 2F
0-1: Called Strike
0-2: Strikes out looking
Bottom of the 3rd over - 0 runs, 1 hit, 0 errors, 1 left on base; Seattle 4 - Los Angeles 2
TOP OF THE 4TH
Seattle Pilots batting - Pitching for Los Angeles Dinos : RHP Evan Browning
Pitching: RHP Ian Cooley
Batting: LHB Damien Sidamon 0-0: Called Strike
0-1: Ball
1-1: Foul Ball, location: 2F
1-2: Ball
2-2: Ground out U3 (Groundball, 34S, EV 86.2 MPH)
Batting: RHB Trevor Master 0-0: Called Strike
0-1: Ball
1-1: Swinging Strike
1-2: SINGLE (Line Drive, 78S, EV 109.4 MPH)
Batting: RHB Kynan Shaw 0-0: Foul Ball, location: 2F
0-1: Ball
1-1: Ball
2-1: Foul Ball, location: 2F
2-2: Ball
3-2: Fly out, F8 (Flyball, 78S, EV 91.9 MPH)
Batting: RHB Erick Hartman 0-0: Ball
1-0: Ground out 5-3 (Groundball, 5S, EV 64.4 MPH)
Top of the 4th over - 0 runs, 1 hit, 0 errors, 1 left on base; Seattle 4 - Los Angeles 2
BOTTOM OF THE 4TH
Los Angeles Dinos batting - Pitching for Seattle Pilots : LHP Daniel Travis
Pitching: RHP J.J. Ortega
Batting: RHB Jahmel Ortiz 0-0: Called Strike
0-1: Swinging Strike
0-2: Strikes out swinging, 2-3 out at first.
Batting: RHB Corby Maish 0-0: Called Strike
0-1: Swinging Strike
0-2: Strikes out looking
Batting: RHB Vance Thompson 0-0: Called Strike
0-1: Called Strike
0-2: Ball
1-2: Ball
2-2: Foul Ball, location: 2F
2-2: Foul Ball, location: 2F
2-2: Strikes out looking
Bottom of the 4th over - 0 runs, 0 hits, 0 errors, 0 left on base; Seattle 4 - Los Angeles 2
TOP OF THE 5TH
Seattle Pilots batting - Pitching for Los Angeles Dinos : RHP Ian Cooley
Now at 2B: Cody Mancini
Now at 3B: Mason Dvorak
Pinch Hitting: RHB Jovan Elerson 0-0: Ball
1-0: Swinging Strike
1-1: Foul Ball, location: 2F
1-2: Ball
2-2: Strikes out swinging
Batting: LHB Joseph Brandon 0-0: Swinging Strike
0-1: Ball
1-1: Ground out 6-3 (Groundball, 6, EV 85.6 MPH)
Batting: LHB Cade McCormick 0-0: Ball
1-0: Ball
2-0: Ball
3-0: Called Strike
3-1: SINGLE (Flyball, 3D, EV 88.8 MPH)
Batting: LHB Ryan Carr 0-0: Called Strike
0-1: Swinging Strike
0-2: Ball
1-2: Foul Ball, location: 2F
1-2: Foul Ball, location: 2F
1-2: Ball
2-2: Strikes out looking
Top of the 5th over - 0 runs, 1 hit, 0 errors, 1 left on base; Seattle 4 - Los Angeles 2
BOTTOM OF THE 5TH
Los Angeles Dinos batting - Pitching for Seattle Pilots : RHP J.J. Ortega
Pitching: RHP Al Morrison
Now at 1B: Dalton Howland
Now at 2B: Jovan Elerson
Pinch Hitting: LHB Shawn Hickey 0-0: Foul Ball, location: 2F
0-1: Ball
1-1: Swinging Strike
1-2: Ball
2-2: Foul Ball, location: 2F
2-2: Ball
3-2: Base on Balls
Batting: RHB Rob Detling
Batting: SHB Martavious Visser 0-0: Ball
1-0: Swinging Strike
1-1: Foul Ball, location: 2F
1-2: Strikes out looking
Batting: LHB Tris Chikumbu 0-0: Foul Ball, location: 2F
0-1: Swinging Strike
0-2: Foul Ball, location: 2F
0-2: Strikes out swinging
Pinch Hitting: RHB Vince Cox 0-0: Called Strike
0-1: Called Strike
0-2: Ball
1-2: Ball
2-2: SINGLE (Line Drive, 3D, EV 94.4 MPH)
Shawn Hickey to second
Runner from 2nd tries for 3rd, SAFE, throw by RF made to third
Batting: RHB Mason Dvorak 0-0: Ball
1-0: SINGLE (Line Drive, 8LS, EV 91.2 MPH)
Shawn Hickey scores
Vince Cox to second
Pinch Hitting: RHB Efren Zamora 0-0: Ball
1-0: Foul Ball, location: 2F
1-1: DOUBLE (Line Drive, 9LM, EV 93.1 MPH)
Vince Cox scores
Mason Dvorak to third
Runner from 3rd tries for Home, SAFE, throw by RF to trailing runner, SAFE at third!
Batting: RHB Jahmel Ortiz 0-0: Called Strike
0-1: Called Strike
0-2: Ball
1-2: Strikes out swinging
Bottom of the 5th over - 3 runs, 3 hits, 0 errors, 1 left on base; Seattle 4 - Los Angeles 5
TOP OF THE 6TH
Seattle Pilots batting - Pitching for Los Angeles Dinos : RHP Ian Cooley
Pitching: RHP Jamie Martino
Now at 1B: Vince Cox
Now in CF: Shawn Hickey
Now in RF: Efren Zamora
Batting: RHB Dalton Howland 0-0: Ball
1-0: Ball
2-0: Called Strike
2-1: SINGLE (Line Drive, 4D, EV 105.0 MPH)
Batting: LHB Damien Sidamon 0-0: Called Strike
0-1: Ball
1-1: Swinging Strike
1-2: Ball
2-2: Strikes out swinging
Pinch Hitting: RHB Axel Loeding 0-0: Grounds into double play, 5-4-3 (Groundball, 56, EV 78.8 MPH)
Top of the 6th over - 0 runs, 1 hit, 0 errors, 0 left on base; Seattle 4 - Los Angeles 5
BOTTOM OF THE 6TH
Los Angeles Dinos batting - Pitching for Seattle Pilots : RHP Al Morrison
Pitching: LHP Desmond Forgey
Now at 1B: Axel Loeding
Now at 3B: Dalton Howland
Batting: RHB Cody Mancini 0-0: Called Strike
0-1: Fly out, F7 (Line Drive, 7, EV 96.2 MPH)
Pinch Hitting: RHB Derick Murphy 0-0: Ground out 1-3 (Groundball, 23, EV 70.0 MPH)
Batting: LHB Shawn Hickey 0-0: Called Strike
0-1: Ball
1-1: Called Strike
1-2: Ball
2-2: Ball
3-2: Base on Balls
Batting: SHB Martavious Visser 0-0: Called Strike
0-1: Ball
1-1: Foul Ball, location: 2F
1-2: Foul Ball, location: 2F
1-2: Foul Ball, location: 2F
1-2: Foul Ball, location: 2F
1-2: Ball
2-2: Foul Ball, location: 2F
2-2: Strikes out swinging
Bottom of the 6th over - 0 runs, 0 hits, 0 errors, 1 left on base; Seattle 4 - Los Angeles 5
TOP OF THE 7TH
Seattle Pilots batting - Pitching for Los Angeles Dinos : RHP Jamie Martino
Pitching: RHP Derian Romary
Now at SS: Derick Murphy
Batting: RHB Kynan Shaw 0-0: Ground out 6-3 (Groundball, 6, EV 85.0 MPH)
Batting: RHB Erick Hartman 0-0: Called Strike
0-1: Ground out 6-3 (Groundball, 6, EV 85.0 MPH)
Batting: RHB Jovan Elerson 0-0: Called Strike
0-1: Foul Ball, location: 2F
0-2: Foul Ball, location: 2F
0-2: Ball
1-2: Strikes out looking
Top of the 7th over - 0 runs, 0 hits, 0 errors, 0 left on base; Seattle 4 - Los Angeles 5
BOTTOM OF THE 7TH
Los Angeles Dinos batting - Pitching for Seattle Pilots : LHP Desmond Forgey
Pitching: RHP Brad Wiese
Batting: LHB Tris Chikumbu 0-0: Called Strike
0-1: Hit by Pitch
Batting: RHB Vince Cox 0-0: Fly out, F7 (Flyball, 7, EV 88.8 MPH)
Batting: RHB Mason Dvorak 0-0: Ball
1-0: Called Strike
1-1: Foul Ball, location: 2F
1-2: Ball
2-2: Foul Ball, location: 2F
2-2: DOUBLE (Line Drive, 78M, EV 105.6 MPH)
Tris Chikumbu to third
Runner from 3rd tries for Home, SAFE, throw by LF to trailing runner, SAFE at third!
Batting: RHB Efren Zamora 0-0: Ball
1-0: Swinging Strike
1-1: Called Strike
1-2: Strikes out swinging
Batting: RHB Jahmel Ortiz 0-0: Ball
1-0: Called Strike
1-1: Ball
2-1: Swinging Strike
2-2: Strikes out looking
Bottom of the 7th over - 1 run, 1 hit, 0 errors, 1 left on base; Seattle 4 - Los Angeles 6
TOP OF THE 8TH
Seattle Pilots batting - Pitching for Los Angeles Dinos : RHP Derian Romary
Pitching: RHP Tod Steffen
Batting: RHB Nickolas Kennedy 0-0: Ground out 6-3 (Groundball, 6, EV 86.2 MPH)
Batting: LHB Cade McCormick 0-0: Ball
1-0: Foul Ball, location: 2F
1-1: Called Strike
1-2: SINGLE (Line Drive, 34D, EV 95.0 MPH)
Batting: LHB Ryan Carr 0-0: Foul Ball, location: 2F
0-1: Ball
1-1: Foul Ball, location: 2F
1-2: Foul Ball, location: 2F
1-2: Ball
2-2: Grounds into double play, 4-6-3 (Groundball, 4M, EV 84.4 MPH)
Top of the 8th over - 0 runs, 1 hit, 0 errors, 0 left on base; Seattle 4 - Los Angeles 6
BOTTOM OF THE 8TH
Los Angeles Dinos batting - Pitching for Seattle Pilots : RHP Brad Wiese
Pitching: RHP Xavier Cook
Batting: RHB Cody Mancini 0-0: Foul Ball, location: 2F
0-1: Ground out 5-3 (Groundball, 56, EV 98.1 MPH)
Batting: RHB Derick Murphy 0-0: Ball
1-0: Called Strike
1-1: Foul Ball, location: 2F
1-2: Ball
2-2: Fly out, F7 (Flyball, 7, EV 89.4 MPH)
Batting: LHB Shawn Hickey 0-0: Called Strike
0-1: Foul Ball, location: 2F
0-2: Strikes out swinging
Bottom of the 8th over - 0 runs, 0 hits, 0 errors, 0 left on base; Seattle 4 - Los Angeles 6
TOP OF THE 9TH
Seattle Pilots batting - Pitching for Los Angeles Dinos : RHP Tod Steffen
Pitching: RHP Phil Russell
Batting: RHB Dalton Howland 0-0: Ball
1-0: Swinging Strike
1-1: Ground out 5-3 (Groundball, 56S, EV 85.6 MPH)
Pinch Hitting: RHB Cole Kleiner 0-0: Called Strike
0-1: Called Strike
0-2: Ball
1-2: Strikes out swinging
Batting: RHB Axel Loeding 0-0: Called Strike
0-1: Ground out 5-3 (Groundball, 56, EV 103.1 MPH)
Top of the 9th over - 0 runs, 0 hits, 0 errors, 0 left on base; Seattle 4 - Los Angeles 6
Wednesday, April 17th , 2024 - OOTP Baseball 23.10 Build 110